 Dungeon Crawl Stone Soup version 0.22.1-1-ga44c0e56f4 (webtiles) character file.

343 PikkenKukken the Grave Robber (level 6, -3/45 HPs)
             Began as a Draconian Necromancer on Oct 7, 2018.
             Slain by Pikel
             ... wielding a +1 whip of electrocution
              (19 damage)
             ... on level 4 of the Dungeon.
             The game lasted 00:16:58 (4692 turns).

PikkenKukken the Grave Robber (DrNe)                Turns: 4692, Time: 00:16:58

Health: -3/45      AC:  7    Str: 10    XL:     6   Next: 31%
Magic:  4/21       EV: 12    Int: 18    God:
Gold:   155        SH:  0    Dex: 11    Spells: 2/14 levels left

rFire    . . .     SeeInvis .   a - +0 hand axe
rCold    . . .     Gourm    .   (no shield)
rNeg     . . .     Faith    .   (armour unavailable)
rPois    .         Spirit   .   i - +1 hat
rElec    .         Reflect  .   (no cloak)
rCorr    .         Harm     .   (no gloves)
MR       .....                  (no boots)
Stlth    +++.......             (no amulet)
HPRegen  0.15/turn              c - ring of stealth
MPRegen  0.17/turn              f - ring of magical power

@: no status effects
A: unfitting armour, cold-blooded, AC +6
a: no special abilities


You were on level 4 of the Dungeon.
You were near starving.

You visited 1 branch of the dungeon, and saw 4 of its levels.

You collected 155 gold pieces.

Inventory:

Hand Weapons
 a - a +0 hand axe (weapon)
 b - a +1 hunting sling
Missiles
 g - 116 stones (quivered)
 o - 16 sling bullets
Armour
 i - a +1 hat (worn)
Jewellery
 c - a ring of stealth (left hand)
 e - an uncursed ring of stealth
 f - a ring of magical power (right hand)
 h - an uncursed amulet of the acrobat {unknown}
 u - an uncursed ring of ice
Wands
 p - a wand of digging (17)
 r - a wand of flame (26)
Scrolls
 k - 2 scrolls of teleportation
 q - 2 scrolls of remove curse
 s - 2 scrolls of enchant weapon
Potions
 d - a potion of ambrosia {unknown}
 j - a potion of brilliance {unknown}
 m - 3 potions of curing {unknown}
 n - a potion of magic {unknown}
 t - a potion of degeneration {unknown}
 v - a potion of lignification {unknown}
 w - a potion of mutation {unknown}
 x - a potion of heal wounds
Comestibles
 l - a ration


   Skills:
 - Level 1.7 Dodging
 - Level 1.7 Stealth
 + Level 4.6 Spellcasting
 - Level 6.0 Necromancy


You had 2 spell levels left.
You knew the following spells:

 Your Spells              Type           Power        Failure   Level  Hunger
a - Pain                  Necr           ####         1%          1    None
b - Animate Skeleton      Necr           N/A          1%          1    None
c - Vampiric Draining     Necr           ####......   3%          3    ###....
d - Regeneration          Chrm/Necr      ###.......   12%         3    ###....
e - Animate Dead          Necr           N/A          12%         4    ####...

Your spell library contained the following spells:

 Spells                   Type           Power        Failure   Level  Hunger


Dungeon Overview and Level Annotations

Branches:
Dungeon (4/15)
 Temple: D:4-7

Altars:
Dithmenos
Yredelemnul

Annotations:
D:4 Pikel


Innate Abilities, Weirdness & Mutations

Your plain brown scales are hard. (AC +6)
You cannot fit into any form of body armour.
You are cold-blooded and may be slowed by cold attacks.


Message History

Your orc zombie misses Pikel.
Casting: Vampiric Draining (safe; 3% risk of failure)
Confirm with . or Enter, or press ? or * to list all spells.
Aiming: Vampiric Draining (safe; 3% risk of failure)
Press: ? - help, Shift-Dir - straight line, f/p - Pikel
Aim: Pikel, wielding a whip of electrocution and wearing an embroidered robe Pikel is severely wounded.
You feel life coursing into your body.
Pikel hits you with a whip of electrocution!
Your orc zombie hits Pikel but does no damage.
Your orc zombie closely misses Pikel.
The slave hits you but does no damage.
You catch the helpless Pikel completely off-guard!
You hit Pikel.
Pikel is almost dead.
You closely miss the slave. You barely miss the slave.
Pikel hits you but does no damage.
You are electrocuted!
The slave hits you but does no damage.
Your orc zombie misses Pikel.
The slave hits you but does no damage. Pikel hits you but does no damage.
You are electrocuted!
You die...

.........# ...?.....#
......# .........#
......# ###.....##
......# ###...>.###
#.....# ............
#.....# ..........p.
#.....# .............
#.....# ..............
#@p...#
...............#Kp...#
.............p..)Z...#
...............#Z....+
####....####...#.....#
################.....#
.##............#.....#
..#...........Z#.....#
..#..........Z.'.....#


You could see Pikel, 2 slaves and 2 friendly orc zombies.

Vanquished Creatures
  2 scorpions
  A howler monkey (D:4)
  Jessica (D:3)
  Ijyb (D:3)
  Terence (D:2)
  A worker ant (D:4)
  5 adders
  2 worms
  7 orcs
  A ball python (D:4)
  4 bats
  5 giant cockroaches
  5 goblins
  6 hobgoblins
  5 jackals
  2 frilled lizards
  5 kobolds
  7 rats
61 creatures vanquished.

Vanquished Creatures (collateral kills)
  A slave (D:4)
  A goblin (D:1)
2 creatures vanquished.

Grand Total: 63 creatures vanquished

Notes
Turn   | Place    | Note
-------+----------+-------------------------------------------
     0 | D:1      | PikkenKukken the Draconian Necromancer began the quest for
                  | the Orb.
     0 | D:1      | Reached XP level 1. HP: 14/14 MP: 3/3
     2 | D:1      | Learned a level 1 spell: Animate Skeleton
   335 | D:1      | Reached XP level 2. HP: 17/20 MP: 5/5
  1281 | D:2      | Reached skill level 5 in Necromancy
  1292 | D:2      | Reached XP level 3. HP: 18/26 MP: 6/6
  1797 | D:2      | Learned a level 3 spell: Vampiric Draining
  1885 | D:2      | Found a shadowy altar of Dithmenos.
  1919 | D:2      | Noticed a scorpion
  2046 | D:2      | Killed a scorpion
  2046 | D:2      | Reached skill level 6 in Necromancy
  2046 | D:2      | Reached XP level 4. HP: 18/33 MP: 7/7
  2330 | D:3      | Found a basalt altar of Yredelemnul.
  2340 | D:3      | Noticed Ijyb
  2521 | D:3      | Killed Ijyb
  2521 | D:3      | Reached XP level 5. HP: 36/38 MP: 1/9
  2544 | D:3      | Noticed Jessica
  2557 | D:3      | Noticed Terence
  2625 | D:2      | Killed Terence
  2767 | D:2      | Learned a level 3 spell: Regeneration
  3591 | D:3      | Killed Jessica
  3904 | D:4      | Noticed an ogre
  3974 | D:4      | Learned a level 4 spell: Animate Dead
  3984 | D:4      | Reached XP level 6. HP: 33/45 MP: 12/12
  4037 | D:4      | Noticed a slave
  4102 | D:4      | Killed a slave
  4143 | D:4      | Noticed Pikel
  4679 | D:4      | Noticed a slave
  4679 | D:4      | Noticed a slave
  4679 | D:4      | Noticed a slave
  4692 | D:4      | Slain by Pikel

Skill      XL: |  1  2  3  4  5 |
---------------+----------------+-----
Necromancy     | 5 6 |  6.0
Spellcasting   | 4 |  4.6
Dodging        | |  1.7
Stealth        | |  1.7

Action                   |  1- 3 |  4- 6 || total
-------------------------+-------+-------++-------
Melee: Hand axe          |    58 |   126 ||   184
       Unarmed           |     2 |       ||     2
       Tailslap          |     9 |    10 ||    19
       Dagger            |    58 |       ||    58
 Fire: Hunting sling     |       |    12 ||    12
 Cast: Pain              |    18 |       ||    18
       Animate Skeleton  |    13 |     7 ||    20
       Vampiric Draining |       |    33 ||    33
       Regeneration      |       |     6 ||     6
       Animate Dead      |       |     2 ||     2
Evoke: Wand              |       |     1 ||     1
  Use: Scroll            |     7 |     3 ||    10
       Potion            |     1 |       ||     1
 Stab: Sleeping          |     4 |     3 ||     7
       Distracted        |     1 |     1 ||     2
  Eat: Chunk             |     4 |     4 ||     8
       Ration            |       |     2 ||     2
Armor: Skin              |    48 |    50 ||    98
Dodge: Dodged            |    81 |   114 ||   195
